 Dungeon Crawl Stone Soup version 0.15-a0-1224-g3833f9c (webtiles) character file.

102 PolkaDot the Vexing (level 4, -3/30 HPs)
             Began as a Vampire Enchanter on June 2, 2014.
             Slain by an ogre
             ... wielding a +0,+0 giant club
              (32 damage)
             ... on Level 3 of the Dungeon.
             The game lasted 00:07:49 (2106 turns).

PolkaDot the Vexing (Vampire Enchanter)             Turns: 2106, Time: 00:07:52

HP  -3/30        AC  4     Str  7      XL: 4   Next: 50%
MP   0/7         EV 13     Int 18      God:
Gold 116         SH  0     Dex 17      Spells:  3 memorised,  1 level left

rFire  . . .     SeeInvis +     a - +1 dagger
rCold  + + .     Clarity  .     b - +1 robe
rNeg   + + +     rCorr    .     (no shield)
rPois  +         rRot     +     (no helmet)
rElec  .         Spirit   .     (no cloak)
SustAb .         Warding  .     j - +0 pair of gloves {Dex+3}
rMut   .         Stasis   .     (no boots)
Gourm  .                        (no amulet)
MR     .....                    (no ring)
                                p - ring of wizardry

@: very slightly contaminated, regenerating slowly, not resistant to hostile
enchantments, stealthy
A: fangs 3, see invisible, unbreathing
a: Bat Form


You were on level 3 of the Dungeon.
You were near bloodless.

You visited 1 branch of the dungeon, and saw 3 of its levels.

You collected 116 gold pieces.

Inventory:

Hand weapons
 a - a +1,+1 dagger (weapon)
Armour
 b - a +1 robe (worn)
 j - a +0 pair of gloves of dexterity (worn)
Scrolls
 e - 3 scrolls of remove curse
 f - 4 scrolls of identify {unknown}
 g - 2 scrolls of blinking {unknown}
 i - 3 scrolls of fog {unknown}
 l - a scroll of teleportation {unknown}
 m - a scroll of amnesia {unknown}
 n - a scroll of noise {unknown}
 o - a scroll of enchant weapon I {unknown}
 r - a scroll of immolation {unknown}
Jewellery
 p - a ring of wizardry (left hand)
Potions
 d - a potion of cure mutation {unknown}
 h - a potion of heal wounds {unknown}
 k - a potion of confusion {unknown}
 q - a potion of lignification {unknown}
Books
 c - a book of Maledictions

   Spells                             Type                      Level
   *Corona                            Hexes                        1
   Sure Blade                         Hexes/Charms                 2
   *Ensorcelled Hibernation           Hexes/Ice                    2
   *Confuse                           Hexes                        3
   Dazzling Spray                     Conjuration/Hexes            3
   Enslavement                        Hexes                        4


   Skills:
 - Level 2.3 Short Blades
 - Level 2.1 Dodging
 + Level 5.3 Stealth
 - Level 2.0 Spellcasting
 + Level 5.4 Hexes
 * Level 2.3 Ice Magic


You had one spell level left.
You knew the following spells:

 Your Spells              Type           Power        Failure   Level  Hunger
a - Corona                Hex            ###....      1%          1    #......
c - Confuse               Hex            ###.....     4%          3    ####...
d - Ensorcelled Hibernat  Hex/Ice        ###...       3%          2    ##.....


Dungeon Overview and Level Annotations

Branches:
Dungeon (3/15)

Altars:


Innate Abilities, Weirdness & Mutations

You heal slowly.
You have razor-sharp teeth.*
You have supernaturally acute eyesight.
You can survive without breathing.*


Message History

The orc throws a stone.
The stone hits you.
You see here a stone.
The orc throws a stone.
The stone hits you but does no damage.
You see here a stone.
The orc barely misses you.
The orc throws a stone.
The stone hits you but does no damage.
Casting: Ensorcelled Hibernation
Confirm with . or Enter, or press ? or * to list all spells.
Aiming: Ensorcelled Hibernation
Press: ? - help, Shift-Dir - straight line, f/p - ogre
Aim: an ogre, wielding a giant club The ogre looks drowsy...
* * * LOW MAGIC WARNING * * *
The helpless ogre fails to defend itself.
You bite the ogre, and draw its blood!
You feel better.
You feel slightly less thirsty.
You slice the ogre!!
The ogre is almost dead.
The ogre hits you with a giant club!!
Ouch! That really hurt!
You die...

...##...#.###.#.##.....##...#
#................+.....o.....
#.............#.##.....##....
#.#.......#..#O##...(.##.#..
#.........#..#.###o#######..
#............#.# #.# #..
####........o...# #(# ###..
#...........O..(# #.### .....
##..........#@##(###...##.....
#...####.........%%...........
#...####......##.##......#####
#...##...........###.#...#
##.%.......<...#.#...#...#####
#.#.......()<##.#(#..........
#.##.###.##(###...###.#######
#. #...............##.#
#.########...##.##...)#


You could see an ogre and an orc.

Vanquished Creatures
  Natasha (D:3)
  Ijyb (D:2)
  An adder (D:2)
  A giant gecko (D:2)
  An ooze (D:1)
  An orc (D:3)
  A giant cockroach (D:1)
  9 goblins
  6 hobgoblins
  3 jackals (D:2)
  7 kobolds
  6 bats
  2 giant newts
  7 rats
47 creatures vanquished.

Notes
Turn   | Place    | Note
--------------------------------------------------------------
     0 | D:1      | PolkaDot, the Vampire Enchanter, began the quest for the Orb.
     0 | D:1      | Reached XP level 1. HP: 13/13 MP: 3/3
   327 | D:1      | Reached XP level 2. HP: 16/19 MP: 2/4
   428 | D:1      | Learned a level 2 spell: Ensorcelled Hibernation
   919 | D:1      | Reached skill level 1 in Ice Magic
  1218 | D:2      | Reached XP level 3. HP: 24/24 MP: 6/6
  1291 | D:2      | Learned a level 3 spell: Confuse
  1613 | D:2      | Reached skill level 5 in Stealth
  1732 | D:3      | Noticed Ijyb
  1754 | D:2      | Killed Ijyb
  1754 | D:2      | Reached skill level 5 in Hexes
  1754 | D:2      | Reached XP level 4. HP: 27/30 MP: 2/7
  1913 | D:3      | Noticed Natasha
  1920 | D:3      | Killed Natasha
  2041 | D:3      | Noticed an ogre
  2106 | D:3      | Slain by an ogre

Action                   |  1- 3 |  4- 6 || total
-------------------------+-------+-------++-------
Melee: Dagger            |   106 |    12 ||   118
 Cast: Corona            |     8 |       ||     8
       Ensorcelled Hiber |    18 |    12 ||    30
       Confuse           |     1 |     1 ||     2
  Use: Potion            |     1 |       ||     1
       Scroll            |     1 |       ||     1
 Stab: Sleeping          |    24 |     8 ||    32
